 Dungeon Sprint DCSS version 0.31-a0-806-g0bc164a743 (webtiles) character file.

Game seed: 5263485317476544210

28 sircluck the Ruffian (level 2, 0/32 HPs)
             Began as a Troll Berserker on Sept 21, 2023.
             Was a Believer of Trog.
             Slain by a human (7 damage)
             ... in the Dungeon (Sprint III: "The Ten Rune Challenge").
             The game lasted 00:00:30 (53 turns).

sircluck the Ruffian (Troll Berserker)                Turns: 53, Time: 00:00:31

Health: 0/32       AC:  4    Str: 24    XL:     2   Next: 96%
Magic:  1/1        EV: 10    Int:  3    God:    Trog [**....]
Gold:   0          SH:  0    Dex:  9    Spells: 1/1 levels left

rFire   . .          .
                       - Unarmed
rCold   . . .        (no shield)
rNeg    . . .        a - +0 animal skin
rPois   .            (helmet restricted)
rElec   .            (no cloak)
rCorr   .            (gloves unavailable)
SInv    .            (boots unavailable)
Will    .....        (no amulet)
Stlth   +            (no ring)
HPRegen 1.05/turn    (no ring)
MPRegen 0.07/turn

%: no teleportation
@: no status effects
A: large, unfitting armour, claws 3, regeneration 1, shaggy fur 1, tough skin 1
a: Renounce Religion, Berserk, Trog's Hand


You were in the Dungeon.
You worshipped Trog.
Trog was pleased with you.
You visited 1 branch

Inventory:

Armour
 a - a +0 animal skin (worn)
Scrolls
 g - a scroll of blinking
 h - a scroll of identify {unknown}
Potions
 b - a potion of curing
 c - a potion of heal wounds
 d - a potion of haste
 e - 2 potions of magic
 f - a potion of berserk rage


   Skills:
 + Level 3.7 Fighting
 + Level 3.7 Dodging
 + Level 4.5 Unarmed Combat


You had one spell level left.
You didn't know any spells.
Your spell library was empty.

Dungeon Overview and Level Annotations

Branches:
Dungeon (1/1)

Altars:


Innate Abilities, Weirdness & Mutations

You are too large for most types of armour.
You have claws for hands.
Your natural rate of healing is unusually fast.
You are covered in fur. (AC +1)
You have tough skin. (AC +1)


Message History

You are too injured to fight recklessly!
You are too injured to fight recklessly!
You are too injured to fight recklessly!
You are too injured to fight recklessly!
You are too injured to fight recklessly!
You are too injured to fight recklessly!
You are too injured to fight recklessly!
You are too injured to fight recklessly!
You are too injured to fight recklessly!
You barely miss the human.
The human is almost dead.
The human hits you!
You scratch the human but do no damage.
The human is almost dead.
The human hits you.
* * * LOW HITPOINT WARNING * * *
You closely miss the human.
The human is almost dead.
The human misses you.
You closely miss the human.
The human is almost dead.
The human hits you but does no damage.
You barely miss the human.
The human is almost dead.
The human hits you.
You scratch the human but do no damage.
The human is almost dead.
The human barely misses you.
You barely miss the human.
The human is almost dead.
The human hits you.
* * * LOW HITPOINT WARNING * * *
You closely miss the human.
The human is almost dead.
The human hits you.
* * * LOW HITPOINT WARNING * * *
You closely miss the human.
The human is almost dead.
The human hits you!
You die...

▓#'####
▓.†.†.#....~.♣♣ .#
▓.....#...~~.. ..#
▓....[#..~~~~♣♣♣..+
▓####'#..~≈≈~~~.♣.#
▓....)#.~~≈~~~....#
▓.....#.~≈~~~.....#
▓.....#.~~~.......#
▓'#####....@......#
▓..........p......#
▓▓▓▓▓▓▓▓▓▓▓▓▓▓▓▓▓▓▓


You could see a human.

Vanquished Creatures
  Jessica (D)
  3 rats (D)
4 creatures vanquished.

Notes
Turn   | Place    | Note
-------+----------+-------------------------------------------
     0 | D        | sircluck the Troll Berserker began the quest for the Orb.
     0 | D        | Reached XP level 1. HP: 22/22 MP: 0/0
     8 | D        | Noticed Jessica
    11 | D        | Killed Jessica
    11 | D        | Reached ** piety under Trog
    12 | D        | Reached skill level 4 in Unarmed Combat
    12 | D        | Reached XP level 2. HP: 29/32 MP: 1/1
    53 | D        | Slain by a human

Illustrated notes

Levels and vault maps discovered:
D:        dungeon_sprint_mu [sprint_mu_entry_forest, sprint_mu_temple_rooms,
          sprint_mu_d1_spiders, sprint_mu_d2_genie, sprint_mu_d3_branching,
          sprint_mu_orc_legion, sprint_mu_elf_gauntlet, sprint_mu_hive_nellie,
          sprint_mu_lair_fedhas, sprint_mu_vaults_butterflies,
          sprint_mu_slime_circle, sprint_mu_swamp_cave, sprint_mu_snake_twists,
          sprint_mu_blade_basic, sprint_mu_crypt_chambers,
          sprint_mu_tomb_spiral, sprint_mu_vestibule_basic,
          sprint_mu_gehenna_hellfire, sprint_mu_dis_giant,
          sprint_mu_tartarus_statrot, sprint_mu_cocytus_islands, sprint_mu_zot1]

Skill      XL: |  1 |
---------------+----+-----
Fighting       | 3 |  3.7
Dodging        | 3 |  3.7
Unarmed Combat | 4 |  4.5

Action                     || total
---------------------------++-------
  Melee: Unarmed           ||    25
 Armour: Animal skin       ||    16
  Dodge: Dodged            ||     6

Table legend: (Time is in decaauts)
 A = Elapsed time spent in this place.
 B = Non-inter-level travel time spent in this place.
 C = Inter-level travel time spent in this place.
 D = Time resting spent in this place.
 E = Time spent auto-exploring this place.
 F = Levels seen in this place.
 G = Mean time per level.
                   A        B        C        D        E       F      G
               +--------+--------+--------+--------+--------+-----+--------+
         Total |     51 |     51 |      0 |      0 |     19 |   1 |   51.0 |
       Dungeon |     51 |     51 |      0 |      0 |     19 |   1 |   51.0 |
               +--------+--------+--------+--------+--------+-----+--------+

Top non-repeatable levels by time:
       D: 51 daAuts
